Map: White Rabbit LE

Players

SAKAMOTO - Winner!

  • Race: Terran Terran
  • League: Master
  • Spawn Location: 1:00

HoldTheDoor

  • Race: Protoss Protoss
  • League: Diamond
  • Spawn Location: 7:00

VOD

Have the link to the VOD?

Description

Time

  • Played on: May 25, 2026, 11:12 a.m.
  • Length: 6:34
Show
View Real Time Build Order
Export as new Build Order

SAKAMOTO Terran - Winner!

Build Orders: Liberator Opening 

Get SALT Encoding   

  12  0:00  SCV  
  13  0:14  SCV  
  13  0:17  Supply Depot  
  14  0:26  SCV  
  15  0:39  Barracks  
  15  0:45  Refinery  
  15  0:46  SCV  
  16  0:59  SCV  
  17  1:26  Orbital Command, Marine  
  17  1:48  Command Center  
  17  1:51  SCV  
  18  1:59  Factory  
  18  2:03  SCV  
  18  2:04  Marine  
  20  2:09  Refinery  
  20  2:15  SCV  
  20  2:22  Marine  
  21  2:25  Supply Depot  
  22  2:33  SCV  
  23  2:43  Factory Tech Lab, Bunker  
  23  2:47  Marine, SCV  
  25  2:58  Starport  
  25  3:02  SCV  
  26  3:09  Marine  
  27  3:17  SCV  
  28  3:25  Orbital Command  
  28  3:30  Cyclone  
  28  3:33  Barracks Reactor  
  31  3:34  SCV  
  31  3:40  Liberator  
  35  3:50  SCV  
  36  4:02  Siege Tank  
  39  4:04  Supply Depot  
  39  4:10  Marine x2  
  39  4:12  SCV  
  42  4:22  Supply Depot, SCV  
  42  4:23  Liberator  
  46  4:30  Engineering Bay  
  46  4:34  SCV  
  46  4:54  Siege Tank  
  46  4:55  Marine x2  
  51  5:13  Marine x2  
  47  5:18  Missile Turret  
  41  5:39  Liberator  
  41  5:41  Marine x2  
  41  5:42  Siege Tank  
  47  5:50  SCV  
  47  5:51  SCV  
  49  5:58  Marine  
  49  6:02  Marine, SCV  
  52  6:06  SCV  
  52  6:07  Factory  
  53  6:12  Supply Depot  
  53  6:14  SCV  
  53  6:16  Marine  
  53  6:17  Missile Turret  
Show
View Real Time Build Order
Export as new Build Order

HoldTheDoor Protoss 

Build Orders:  

Get SALT Encoding   

  12  0:00  Probe  
  13  0:14  Probe  
  13  0:17  Pylon  
  14  0:26  Probe  
  15  0:33  Assimilator  
  15  0:37  Probe  
  16  0:44  Gateway  
  16  0:45  Probe  
  17  0:53  Probe  
  17  1:03  Forge  
  18  1:05  Probe  
  19  1:16  Assimilator  
  19  1:18  Probe  
  20  1:33  Cybernetics Core  
  20  1:36  Zealot  
  22  1:49  Pylon, Probe  
  23  2:06  Stalker  
  23  2:15  Photon Cannon  
  25  2:18  Shield Battery  
  25  2:21  Warp Gate  
  25  2:23  Probe  
  25  2:27  Pylon  
  26  2:36  Stalker  
  28  2:54  Gateway  
  28  3:01  Robotics Facility  
  28  3:05  Probe  
  29  3:25  Pylon  
  29  3:32  Pylon  
  29  3:37  Gateway  
  29  3:38  Immortal  
  33  3:56  Shield Battery  
  33  3:57  Shield Battery  
  33  4:05  Gateway  
  33  4:10  Immortal  
  37  4:27  Sentry  
  37  4:31  Stalker  
  41  4:56  Pylon  
  41  4:57  Stalker x2  
  43  5:11  Stalker x2  
  29  5:38  Stalker x3  
  29  5:49  Adept  
  31  5:55  Immortal  
  35  6:04  Adept  
  35  6:06  Adept  
  39  6:14  Adept  
Tags
 
Add a new tag
Caveats
  • Supply blocks, unpowered buildings, or Contaminate may cause inaccurate times.
  • Supply counts are checked every 10 seconds.